[Event "2026 European Womens Championship"]
[Site "Batumi, GE"]
[Date "2026.06.04"]
[Round "10"]
[White "Piddubna, Bozhena"]
[Black "Klek, Hanna Marie"]
[Result "1/2-1/2"]
[Board "18"]
[TimeControl "5400+30"]
[WhiteFideId "34109293"]
[BlackFideId "24670057"]
[WhiteElo "2235"]
[BlackElo "2369"]
[WhiteTitle "WIM"]
[BlackTitle "WGM"]
[WhiteClock "0:01:23"]
[BlackClock "0:04:17"]
[Variant "Standard"]

1. d4 d5 2. c4 e6 3. Nf3 Nf6 4. Nc3 Bb4 5. Bg5 h6 6. Bxf6 Qxf6 7. e3 O-O 8. Rc1 dxc4 9. Bxc4 c5 10. O-O cxd4 11. Ne4 Qg6 12. Qxd4 Nc6 13. Ne5 Nxe5 14. Qxe5 Bd7 15. Ng3 Bc6 16. Bb5 Bd6 17. Qxd6 Bxb5 18. Rfd1 Rac8 19. h3 Rxc1 20. Rxc1 Qf6 21. Qb4 Bc6 22. Rd1 Rc8 23. Nh5 Qg5 24. Ng3 Qe5 25. a3 g6 26. Rd4 Kg7 27. Qc3 Bd7 28. Qd2 Bc6 29. Qc3 Bd7 30. Qd2 Bc6 31. Rc4 Qg5 32. Qc3+ Qf6 33. Rd4 e5 34. Rd1 Qe6 35. Qd2 Ba4 36. Rc1 Qd7 37. Qe1 Rxc1 38. Qxc1 Qd1+ 39. Qxd1 Bxd1 40. Ne4 Ba4 41. f3 f5 42. Nd6 Bc6 43. e4 Kf6 44. exf5 gxf5 45. Kf2 Ke6 46. Nc4 Bb5 47. Ne3 Bd3 48. Nd1 f4 49. Nc3 Kf5 50. g3 h5 51. b4 Kg5 52. h4+ Kf5 53. Nd5 Bc4 54. Nc3 Bd3 55. Nd5 1/2-1/2

[Event "2026 European Womens Championship"]
[Site "Batumi, GE"]
[Date "2026.06.04"]
[Round "10"]
[White "Bulmaga, Irina"]
[Black "Ismayil, Malak"]
[Result "1/2-1/2"]
[Board "19"]
[TimeControl "5400+30"]
[WhiteFideId "13903063"]
[BlackFideId "13412604"]
[WhiteElo "2361"]
[BlackElo "2122"]
[WhiteTitle "IM"]
[BlackTitle "WIM"]
[WhiteClock "0:26:39"]
[BlackClock "0:51:07"]
[Variant "Standard"]

1. e4 c6 2. d4 d5 3. e5 Bf5 4. Nf3 e6 5. Be2 c5 6. Be3 cxd4 7. Nxd4 Ne7 8. c4 Nbc6 9. Qa4 a6 10. Nc3 dxc4 11. O-O-O Qa5 12. Qxa5 Nxa5 13. Nxf5 Nxf5 14. Bb6 Nc6 15. f4 Rc8 16. a3 Be7 17. Ne4 h5 18. Kb1 Bd8 19. Bc5 Be7 20. Bb6 Bd8 21. Bf2 b5 22. h3 Be7 23. g3 Rd8 24. Rxd8+ Kxd8 25. Rd1+ Kc7 26. a4 h4 27. axb5 axb5 28. g4 Ng3 29. Bf3 Nxe4 30. Bxe4 Na5 31. Kc2 Nb3 32. Kc3 Nc5 33. Bxc5 Bxc5 34. f5 Re8 35. fxe6 Rxe6 36. Rd5 Kb6 37. Bf5 Re7 38. Bd7 g5 39. b3 cxb3 40. Kxb3 Be3 41. Rxb5+ Kc7 42. Bf5 Bf4 43. Be4 Rxe5 44. Rxe5 Bxe5 45. Kc4 1/2-1/2

[Event "2026 European Womens Championship"]
[Site "Batumi, GE"]
[Date "2026.06.04"]
[Round "10"]
[White "Jarocka, Liwia"]
[Black "Avramidou, Anastasia"]
[Result "1/2-1/2"]
[Board "20"]
[TimeControl "5400+30"]
[WhiteFideId "21807558"]
[BlackFideId "4239873"]
[WhiteElo "2288"]
[BlackElo "2320"]
[WhiteTitle "FM"]
[BlackTitle "FM"]
[WhiteClock "0:12:47"]
[BlackClock "0:06:35"]
[Variant "Standard"]

1. e4 d6 2. d4 Nf6 3. Nc3 c6 4. a4 g6 5. h3 Bg7 6. Nf3 O-O 7. Be3 d5 8. e5 Ne4 9. Bd3 Qa5 10. O-O Nxc3 11. bxc3 f6 12. exf6 exf6 13. c4 Be6 14. cxd5 cxd5 15. Re1 Qc7 16. Rb1 Nc6 17. Qc1 Qd7 18. Qb2 Rf7 19. Bd2 Bf5 20. Bxf5 Qxf5 21. Qa2 Rd8 22. Rb5 a6 23. Rb3 g5 24. Rbe3 Bf8 25. Re8 Rxe8 26. Rxe8 Qd7 27. Re1 Re7 28. Rxe7 Nxe7 29. Qb3 Qc6 30. Bb4 Ng6 31. Bxf8 Nxf8 32. h4 h6 33. hxg5 hxg5 34. c3 Ng6 1/2-1/2

[Event "2026 European Womens Championship"]
[Site "Batumi, GE"]
[Date "2026.06.04"]
[Round "10"]
[White "Hryzlova, Sofiia"]
[Black "Kazarian, Anna-Maja"]
[Result "1/2-1/2"]
[Board "21"]
[TimeControl "5400+30"]
[WhiteFideId "14174669"]
[BlackFideId "1033689"]
[WhiteElo "2226"]
[BlackElo "2317"]
[WhiteTitle "WIM"]
[BlackTitle "FM"]
[WhiteClock "0:07:08"]
[BlackClock "0:01:05"]
[Variant "Standard"]

1. e4 e6 2. d4 d5 3. Nd2 c5 4. Ngf3 cxd4 5. Nxd4 Nc6 6. Bb5 Bd7 7. Nxc6 bxc6 8. Bd3 Bd6 9. Qe2 Ne7 10. Nf3 Ng6 11. e5 Bc7 12. O-O O-O 13. Ng5 Qe8 14. f4 f5 15. Be3 h6 16. Nh3 Bb6 17. c4 d4 18. Bd2 a5 19. Qe1 Qe7 20. Qg3 Be8 21. Nf2 Bd8 22. Be2 c5 23. Nd3 Nh4 24. Be1 g5 25. Qh3 Bc6 26. Bxh4 gxh4 27. Bf3 Be4 28. Nf2 Bxf3 29. Qxf3 Rb8 30. Nd3 Kh7 31. Rf2 Qc7 32. b3 Rg8 33. Nb2 Rg4 34. Rd1 Be7 35. Rd3 Rbg8 36. Na4 R4g6 37. Kf1 Rg4 38. Ke2 Bd8 39. Kd1 Be7 40. Kc2 Bd8 41. Re2 1/2-1/2

[Event "2026 European Womens Championship"]
[Site "Batumi, GE"]
[Date "2026.06.04"]
[Round "10"]
[White "Safarli, Josefine"]
[Black "Sliwicka, Alicja"]
[Result "1/2-1/2"]
[Board "22"]
[TimeControl "5400+30"]
[WhiteFideId "12900460"]
[BlackFideId "1150677"]
[WhiteElo "2253"]
[BlackElo "2315"]
[WhiteTitle "WGM"]
[BlackTitle "WGM"]
[WhiteClock "0:43:13"]
[BlackClock "0:38:48"]
[Variant "Standard"]

1. e4 c5 2. Nf3 Nc6 3. Bb5 d6 4. O-O Bd7 5. Re1 Nf6 6. c3 a6 7. Bf1 Bg4 8. d4 cxd4 9. cxd4 e5 10. d5 Nd4 11. Be3 Nxf3+ 12. gxf3 Bd7 13. a4 Be7 14. Nd2 O-O 15. Nc4 Nh5 16. Nb6 Rb8 17. Nxd7 Qxd7 18. Qd2 h6 19. a5 Kh7 20. b4 Rfc8 21. Rac1 Nf4 22. Rxc8 Rxc8 23. Bxf4 exf4 24. Rc1 Rxc1 25. Qxc1 Bf6 26. Qc4 Be5 27. b5 axb5 28. Qxb5 Qxb5 29. Bxb5 Bc3 30. a6 bxa6 31. Bxa6 1/2-1/2

[Event "2026 European Womens Championship"]
[Site "Batumi, GE"]
[Date "2026.06.04"]
[Round "10"]
[White "Javakhishvili, Lela"]
[Black "Deak-Sala, Emilia"]
[Result "1-0"]
[Board "23"]
[TimeControl "5400+30"]
[WhiteFideId "13601458"]
[BlackFideId "795615"]
[WhiteElo "2442"]
[BlackElo "2086"]
[WhiteTitle "IM"]
[BlackTitle "WFM"]
[WhiteClock "1:08:48"]
[BlackClock "0:22:43"]
[Variant "Standard"]

1. Nf3 Nf6 2. b3 g6 3. Bb2 Bg7 4. g3 O-O 5. Bg2 d6 6. d4 Nbd7 7. O-O Re8 8. Re1 c6 9. a4 a5 10. e4 Qc7 11. Na3 e5 12. dxe5 dxe5 13. Nc4 Bf8 14. Qd2 Bb4 15. Qg5 b5 16. Ncxe5 h6 17. Qh4 bxa4 18. Nxd7 Nxd7 19. Qxh6 1-0

[Event "2026 European Womens Championship"]
[Site "Batumi, GE"]
[Date "2026.06.04"]
[Round "10"]
[White "Ibrahimova, Sabina"]
[Black "Milliet, Sophie"]
[Result "0-1"]
[Board "24"]
[TimeControl "5400+30"]
[WhiteFideId "13403893"]
[BlackFideId "623725"]
[WhiteElo "2205"]
[BlackElo "2361"]
[WhiteTitle "WIM"]
[BlackTitle "IM"]
[WhiteClock "0:00:46"]
[BlackClock "0:13:56"]
[Variant "Standard"]

1. Nf3 Nf6 2. c4 e6 3. g3 d5 4. Bg2 Be7 5. O-O O-O 6. d4 a5 7. Nc3 c6 8. b3 b6 9. Bb2 Ba6 10. a4 Nbd7 11. Nd2 Rc8 12. Re1 c5 13. cxd5 cxd4 14. Nb5 exd5 15. Nf3 Bb4 16. Rf1 Bc3 17. Ra2 Bxb5 18. axb5 Ne4 19. Nxd4 Ne5 20. e3 Rc5 21. Qh5 Qf6 22. Ba3 Bb4 23. Bxb4 axb4 24. h3 g6 25. Qh6 Nd3 26. Kh2 Rfc8 27. f3 Nd6 28. Rd2 Rc3 29. Rfd1 Nc5 30. Ne2 Nf5 31. Qf4 Rxb3 32. Rxd5 Ne6 33. Rxf5 gxf5 34. Qh4 Qxh4 0-1

[Event "2026 European Womens Championship"]
[Site "Batumi, GE"]
[Date "2026.06.04"]
[Round "10"]
[White "Gaponenko, Inna"]
[Black "Aydin, Gulenay"]
[Result "1-0"]
[Board "25"]
[TimeControl "5400+30"]
[WhiteFideId "14101181"]
[BlackFideId "34557431"]
[WhiteElo "2331"]
[BlackElo "2204"]
[WhiteTitle "IM"]
[BlackTitle "WIM"]
[WhiteClock "0:01:07"]
[BlackClock "0:00:58"]
[Variant "Standard"]

1. e4 c5 2. Nf3 g6 3. c3 d5 4. exd5 Qxd5 5. d4 Bg7 6. Na3 cxd4 7. Nb5 Na6 8. Nbxd4 Nf6 9. Bb5+ Bd7 10. Bxa6 bxa6 11. O-O O-O 12. Re1 Rfe8 13. Ne5 Bc8 14. c4 Qd6 15. Qf3 Rb8 16. Nec6 Rb7 17. Bf4 Qc5 18. Re5 Qb6 19. b4 Rd7 20. c5 Qb7 21. Rae1 e6 22. a3 Nh5 23. Rxh5 gxh5 24. Nf5 f6 25. Nd6 Rxd6 26. Bxd6 Qf7 27. Nd4 Kh8 28. h3 Rg8 29. c6 h4 30. a4 f5 31. Nc2 Bf6 32. Ne3 e5 33. Nxf5 Qe6 34. Nh6 Rg6 35. Rxe5 Qxh3 36. Re8+ Kg7 37. Rg8+ 1-0

[Event "2026 European Womens Championship"]
[Site "Batumi, GE"]
[Date "2026.06.04"]
[Round "10"]
[White "Bashylina, Luisa"]
[Black "Khukhashvili, Sopiko"]
[Result "0-1"]
[Board "26"]
[TimeControl "5400+30"]
[WhiteFideId "12983292"]
[BlackFideId "13602055"]
[WhiteElo "2208"]
[BlackElo "2329"]
[WhiteTitle "WFM"]
[BlackTitle "IM"]
[WhiteClock "0:30:53"]
[BlackClock "0:38:43"]
[Variant "Standard"]

1. d4 Nf6 2. c4 e6 3. Nc3 Bb4 4. Qc2 d6 5. e3 O-O 6. Bd3 e5 7. Nge2 Nc6 8. O-O Bxc3 9. Qxc3 e4 10. Bc2 d5 11. b3 Re8 12. f3 exf3 13. gxf3 a5 14. Nf4 Ra6 15. a3 Ne7 16. Bb2 g5 17. Ng2 Bh3 18. e4 dxc4 19. Qxc4 Bxg2 20. Kxg2 Ng6 21. Rad1 Rc6 0-1

[Event "2026 European Womens Championship"]
[Site "Batumi, GE"]
[Date "2026.06.04"]
[Round "10"]
[White "Antova, Gabriela"]
[Black "Rakhmangulova, Anastasiya"]
[Result "1-0"]
[Board "27"]
[TimeControl "5400+30"]
[WhiteFideId "2915235"]
[BlackFideId "14117479"]
[WhiteElo "2203"]
[BlackElo "2328"]
[WhiteTitle "WGM"]
[BlackTitle "WGM"]
[WhiteClock "0:18:22"]
[BlackClock "0:38:16"]
[Variant "Standard"]

1. e4 c5 2. Nf3 e6 3. d4 cxd4 4. Nxd4 Nc6 5. Nc3 Qc7 6. Be3 a6 7. Qd2 Nf6 8. O-O-O Bb4 9. f3 h5 10. Nb3 Ne5 11. Bd4 b5 12. Qg5 Ng6 13. Bxf6 gxf6 14. Qxf6 Qe5 15. Qxe5 Nxe5 16. Rd4 Nc6 17. Rd2 Bb7 18. a3 Bf8 19. f4 h4 20. e5 O-O-O 21. Bd3 Bh6 22. Rf1 f6 23. exf6 Rhf8 24. g4 hxg3 25. hxg3 e5 26. Nd5 exf4 27. gxf4 Na7 28. Rh2 Bxd5 29. Rxh6 Rf7 30. Rg1 Rdf8 31. Rgg6 Bxb3 32. cxb3 Kc7 33. b4 Nc6 34. Bb1 d5 35. Ba2 Kd6 36. Rg5 Rxf6 37. Rxd5+ Kc7 38. Rxf6 Rxf6 39. f5 Ne7 40. Rc5+ Kb6 41. Bb1 Nc6 42. Be4 Nd4 43. Rd5 Nc6 44. Kd2 a5 45. bxa5+ Nxa5 46. Bd3 Nb3+ 47. Kc3 Nc5 48. Bxb5 Rh6 49. Be2 Rh3+ 50. Kd4 Rh4+ 51. Ke3 Na4 52. f6 1-0

[Event "2026 European Womens Championship"]
[Site "Batumi, GE"]
[Date "2026.06.04"]
[Round "10"]
[White "Mammadova, Gulnar"]
[Black "Siekanska, Maria"]
[Result "1-0"]
[Board "28"]
[TimeControl "5400+30"]
[WhiteFideId "13403508"]
[BlackFideId "21852650"]
[WhiteElo "2325"]
[BlackElo "2203"]
[WhiteTitle "IM"]
[BlackTitle "WIM"]
[WhiteClock "0:14:02"]
[BlackClock "0:09:04"]
[Variant "Standard"]

1. e4 c5 2. Nc3 Nc6 3. Bb5 Nd4 4. a4 g6 5. d3 Bg7 6. Nf3 a6 7. Bc4 e6 8. Nxd4 cxd4 9. Ne2 Ne7 10. O-O d5 11. Bb3 O-O 12. f4 Qb6 13. Kh1 Bd7 14. a5 Qc5 15. c3 Nc6 16. e5 f6 17. cxd4 Qb4 18. Bd2 Qe7 19. Bc3 g5 20. Ba4 gxf4 21. Bxc6 Bxc6 22. exf6 Rxf6 23. Rxf4 Raf8 24. Rxf6 Rxf6 25. Ng3 Rh6 26. Qg4 Rh4 27. Qf3 Be8 28. Re1 Qd6 29. h3 Rf4 30. Qe2 Rf6 31. Rf1 Rxf1+ 32. Nxf1 Kh8 33. Nd2 Bg6 34. Nf3 Bf5 35. g4 Bg6 36. Ng5 Qf4 37. Nxe6 Qg3 38. Ng5 h6 39. Be1 Qxd3 40. Qxd3 Bxd3 41. Ne6 Be4+ 42. Kh2 Bf6 43. Nc5 Bg5 44. Kg3 Bc1 45. Bc3 Kg7 46. b4 Bg6 47. Nxb7 Bd3 48. Nd6 Ba3 49. Nf5+ Kg6 50. Ne7+ Kf7 51. Nxd5 Bf1 52. Ne3 Bd3 53. Nf5 h5 54. d5 hxg4 55. hxg4 Bc1 56. Kf3 Bg5 57. Nd6+ Ke7 58. Ne4 Bc1 59. d6+ Kf7 60. d7 1-0

[Event "2026 European Womens Championship"]
[Site "Batumi, GE"]
[Date "2026.06.04"]
[Round "10"]
[White "Gvetadze, Sofio"]
[Black "Chernyak, Viktoria"]
[Result "1-0"]
[Board "29"]
[TimeControl "5400+30"]
[WhiteFideId "13601440"]
[BlackFideId "24165956"]
[WhiteElo "2311"]
[BlackElo "2191"]
[WhiteTitle "IM"]
[BlackTitle "WGM"]
[WhiteClock "0:18:33"]
[BlackClock "0:27:19"]
[Variant "Standard"]

1. e4 c6 2. d4 d5 3. Nc3 dxe4 4. Nxe4 Bf5 5. Ng3 Bg6 6. Bc4 e6 7. N1e2 Nf6 8. O-O Bd6 9. Nf4 Qc7 10. Nxg6 hxg6 11. Re1 Nbd7 12. Bg5 O-O-O 13. Qf3 Qa5 14. Bf4 Bxf4 15. Qxf4 g5 16. Qf3 Rh4 17. c3 Rdh8 18. Nf1 Qc7 19. g3 R4h5 20. a4 g4 21. Qe2 Kb8 22. b4 Nh7 23. Qxg4 Ng5 24. f4 Nf6 25. Qe2 Nh3+ 26. Kh1 Ne4 27. Qf3 Nd6 28. Bd3 g5 29. Re5 g4 30. Qe2 c5 31. d5 cxb4 32. c4 exd5 33. cxd5 Qc3 34. Ra2 a5 35. Rc2 Qd4 36. Qe3 Qxe3 37. Nxe3 f6 38. Re6 b3 39. Rb2 Kc7 40. Bf1 b5 41. Rxb3 Nf2+ 42. Kg1 Rxh2 43. Bg2 Nde4 44. Bxe4 Nxe4 45. Rxe4 Rh1+ 46. Kf2 R8h2+ 47. Ng2 Ra1 48. Rb2 bxa4 49. Rd2 a3 50. d6+ Kd7 51. Re7+ Kd8 52. Ra7 a2 53. Rxa5 Rhh1 54. Raxa2 1-0

[Event "2026 European Womens Championship"]
[Site "Batumi, GE"]
[Date "2026.06.04"]
[Round "10"]
[White "Pogorelskikh, Sofia"]
[Black "Peycheva, Gergana"]
[Result "1/2-1/2"]
[Board "30"]
[TimeControl "5400+30"]
[WhiteFideId "44164548"]
[BlackFideId "2916711"]
[WhiteElo "2284"]
[BlackElo "2186"]
[WhiteTitle "WGM"]
[BlackTitle "FM"]
[WhiteClock "0:05:18"]
[BlackClock "0:04:55"]
[Variant "Standard"]

1. e4 c6 2. d4 d5 3. e5 c5 4. Nf3 Nc6 5. dxc5 e6 6. a3 Bxc5 7. b4 Bb6 8. Bb2 Nge7 9. Nbd2 Ng6 10. h4 d4 11. Bb5 Bd7 12. Qe2 a6 13. Bd3 Nf4 14. Qe4 Nxd3+ 15. cxd3 O-O 16. Ng5 g6 17. O-O f5 18. exf6 Qxf6 19. Qe2 e5 20. Nde4 Qe7 21. Bc1 Rae8 22. Ng3 Nd8 23. a4 Nc6 24. N5e4 Nxb4 25. Bg5 Qe6 26. Bh6 Rf5 27. Bd2 Nd5 28. Ng5 Qd6 29. Nxf5 gxf5 30. Qh5 Qg6 31. Qxg6+ hxg6 32. Rfe1 Bd8 33. f3 Bf6 34. g3 b5 35. axb5 Bxb5 36. Ra3 Rc8 37. Ne6 Rc6 38. Ng5 Rc2 39. Rd1 Be7 40. Rb3 Bc5 41. Rc1 Rxd2 42. Rxc5 Nc3 43. Rxe5 Ne2+ 44. Kf1 Nc1 45. Rbxb5 axb5 46. Rxb5 Rxd3 47. Rd5 Rd1+ 48. Kf2 d3 49. Rd8+ Kg7 50. Rd7+ Kg8 51. f4 Nb3 52. Rd8+ Kg7 53. Rd7+ Kg8 54. Rd8+ 1/2-1/2

[Event "2026 European Womens Championship"]
[Site "Batumi, GE"]
[Date "2026.06.04"]
[Round "10"]
[White "Odisharia, Teona"]
[Black "Schneider, Jana"]
[Result "0-1"]
[Board "31"]
[TimeControl "5400+30"]
[WhiteFideId "13602322"]
[BlackFideId "12924997"]
[WhiteElo "2167"]
[BlackElo "2283"]
[WhiteTitle "WFM"]
[BlackTitle "WGM"]
[WhiteClock "0:11:06"]
[BlackClock "0:11:00"]
[Variant "Standard"]

1. e4 e5 2. Nf3 Nc6 3. d4 exd4 4. Nxd4 Bc5 5. Nb3 Bb6 6. Qe2 d6 7. Be3 Qf6 8. Nc3 Nge7 9. Qd2 Bd7 10. Bb5 Bxe3 11. Qxe3 O-O-O 12. O-O Kb8 13. a4 Rhe8 14. Qd2 Qg6 15. f3 f5 16. Nd4 fxe4 17. Bxc6 Nxc6 18. Nxe4 Nxd4 19. Qxd4 Bc6 20. Ng3 Qxc2 21. b4 Re5 22. Rfc1 Qb3 23. b5 Bd5 24. Rc3 Qb2 25. Rac1 Rde8 26. Ne4 Bxe4 27. fxe4 Rxe4 28. Qf2 Qxc3 29. Rxc3 Re1+ 30. Qxe1 Rxe1+ 31. Kf2 Re6 32. Rg3 Re7 33. Rf3 c6 0-1

[Event "2026 European Womens Championship"]
[Site "Batumi, GE"]
[Date "2026.06.04"]
[Round "10"]
[White "Radeva, Viktoria"]
[Black "Dwilewicz, Katarzyna"]
[Result "1/2-1/2"]
[Board "32"]
[TimeControl "5400+30"]
[WhiteFideId "2915405"]
[BlackFideId "1148486"]
[WhiteElo "2242"]
[BlackElo "2131"]
[WhiteTitle "WGM"]
[BlackTitle "WIM"]
[WhiteClock "0:18:11"]
[BlackClock "0:19:24"]
[Variant "Standard"]

1. e4 e5 2. Nf3 Nc6 3. Bc4 Nf6 4. d3 Be7 5. O-O O-O 6. Re1 d6 7. a3 Kh8 8. b4 Bg4 9. h3 Bh5 10. c3 a6 11. Nbd2 d5 12. Bb3 dxe4 13. dxe4 Qd3 14. Qc2 Rad8 15. Bb2 Qxc2 16. Bxc2 Nd7 17. g4 Bg6 18. a4 Rfe8 19. Nc4 f6 20. Ne3 Nf8 21. Nh4 Bf7 22. Nhf5 Ne6 23. Nd5 Bf8 24. Red1 a5 25. b5 Nb8 26. Kh2 Bc5 27. Nde3 Nf4 28. Rxd8 Rxd8 29. Rd1 Rxd1 30. Nxd1 Nd7 31. Bc1 Ne2 32. Bd2 g6 33. Ng3 Nxg3 34. Kxg3 Kg7 35. Nb2 Ba3 36. Nd3 Nb6 37. Be3 Nc4 38. Kf3 Nxe3 39. Kxe3 Bc4 40. Bd1 Kf7 41. Kd2 Ke6 42. Kc2 Bxd3+ 43. Kd2 Bc4 44. Kc2 1/2-1/2

[Event "2026 European Womens Championship"]
[Site "Batumi, GE"]
[Date "2026.06.04"]
[Round "10"]
[White "Khachatryan, Anna"]
[Black "Purtseladze, Maka"]
[Result "1/2-1/2"]
[Board "33"]
[TimeControl "5400+30"]
[WhiteFideId "13310780"]
[BlackFideId "13602659"]
[WhiteElo "2154"]
[BlackElo "2237"]
[WhiteTitle "WFM"]
[BlackTitle "IM"]
[WhiteClock "0:09:01"]
[BlackClock "0:53:10"]
[Variant "Standard"]

1. c4 e6 2. Nf3 Nf6 3. g3 d5 4. d4 dxc4 5. Bg2 Bd7 6. O-O Bc6 7. Qc2 Nbd7 8. Qxc4 Nb6 9. Qc2 Be4 10. Qb3 a5 11. Nc3 a4 12. Qd1 Bc6 13. Qd3 Bb4 14. Bg5 a3 15. b3 O-O 16. Rfc1 h6 17. Bxf6 Qxf6 18. e4 Rfd8 19. Qe3 Be8 20. Ne2 Rac8 21. Rab1 Qe7 22. Nf4 c5 23. Nd3 cxd4 24. Nxd4 Rxc1+ 25. Rxc1 Bd2 26. Qxd2 Rxd4 27. Qe3 Qd8 28. Bf1 Bc6 29. f3 Nc8 30. Ne5 Ne7 31. Nc4 Bb5 32. Nxa3 Bxf1 33. Rxf1 Rd3 34. Qc5 b6 35. Qc4 Ng6 36. f4 Rd4 37. Qc6 Rd2 38. Qc3 Rxa2 39. Nc2 Qa8 40. Re1 b5 41. Nb4 Ra3 42. Nc2 Ra2 43. Nb4 Ra3 44. Nc2 1/2-1/2

[Event "2026 European Womens Championship"]
[Site "Batumi, GE"]
[Date "2026.06.04"]
[Round "10"]
[White "Skarbarchuk, Tetyana"]
[Black "Vidic, Teja"]
[Result "1-0"]
[Board "34"]
[TimeControl "5400+30"]
[WhiteFideId "14184494"]
[BlackFideId "14605511"]
[WhiteElo "2236"]
[BlackElo "2123"]
[BlackTitle "WIM"]
[WhiteClock "0:05:50"]
[BlackClock "0:02:49"]
[Variant "Standard"]

1. d4 d5 2. c4 c6 3. Nc3 Nf6 4. Nf3 dxc4 5. a4 Bf5 6. Ne5 Nbd7 7. Nxc4 Qc7 8. g3 e5 9. dxe5 Nxe5 10. Bf4 Nfd7 11. Bg2 g5 12. Ne3 gxf4 13. Nxf5 O-O-O 14. Qc2 Nc5 15. O-O fxg3 16. hxg3 a5 17. Rfd1 h5 18. Rxd8+ Qxd8 19. Rd1 Qf6 20. e3 Kc7 21. Ne2 Ne6 22. Nf4 Kb6 23. Nxe6 Qxe6 24. Nd4 Qc4 25. Qf5 Ng4 26. b3 Qc3 27. Qxf7 Bb4 28. Nb5 Qc2 29. Qc7+ Ka6 30. Rf1 Rf8 31. Nd4 Qc3 32. Nxc6 bxc6 33. Bxc6 Rb8 34. Rd1 Qxb3 35. Bb5+ Rxb5 36. axb5+ Kxb5 37. Qb7+ Kc5 38. Rc1+ Kd6 39. Qc7+ Ke6 40. Rc6+ Kf5 41. Qf4# 1-0

[Event "2026 European Womens Championship"]
[Site "Batumi, GE"]
[Date "2026.06.04"]
[Round "10"]
[White "Charkhalashvili, Inga"]
[Black "Ivekovic, Tihana"]
[Result "1/2-1/2"]
[Board "35"]
[TimeControl "5400+30"]
[WhiteFideId "13601431"]
[BlackFideId "14517825"]
[WhiteElo "2235"]
[BlackElo "2119"]
[WhiteTitle "WGM"]
[BlackTitle "WFM"]
[WhiteClock "0:22:24"]
[BlackClock "0:14:31"]
[Variant "Standard"]

1. d4 Nf6 2. c4 e6 3. Nf3 d5 4. Nc3 c5 5. cxd5 cxd4 6. Qa4+ Bd7 7. Qxd4 exd5 8. Bg5 Nc6 9. Qd1 Bb4 10. e3 h6 11. Bxf6 Qxf6 12. Rc1 O-O 13. Be2 Rad8 14. O-O Be6 15. Qa4 Bxc3 16. bxc3 Rc8 17. Rfd1 b6 18. Ba6 Rc7 19. Nd4 Ne5 20. Qc2 Nd7 21. Be2 Nc5 22. Bf3 Ne4 23. Bxe4 dxe4 24. Nb5 Rc5 25. Nd6 Bd5 26. Nxe4 Bxe4 27. Qxe4 Rxc3 28. Rxc3 Qxc3 29. h3 Qc7 30. Qd5 Rc8 31. Rd4 Qc1+ 32. Kh2 1/2-1/2

[Event "2026 European Womens Championship"]
[Site "Batumi, GE"]
[Date "2026.06.04"]
[Round "10"]
[White "Rapport, Jovana"]
[Black "Ivanytska, Liudmyla"]
[Result "1-0"]
[Board "36"]
[TimeControl "5400+30"]
[WhiteFideId "937266"]
[BlackFideId "14176211"]
[WhiteElo "2235"]
[BlackElo "2112"]
[WhiteTitle "WGM"]
[WhiteClock "0:38:00"]
[BlackClock "0:23:21"]
[Variant "Standard"]

1. e4 c5 2. Nf3 e6 3. d3 d5 4. Qe2 Nf6 5. g3 Be7 6. a4 c4 7. e5 cxd3 8. cxd3 Nfd7 9. Bg2 Nc6 10. O-O Nc5 11. Nc3 Nb3 12. Rb1 f6 13. Bf4 f5 14. Qd1 Nba5 15. Na2 Nb4 16. Nxb4 Bxb4 17. Nd4 Nc6 18. Nc2 a5 19. Nxb4 Nxb4 20. Qh5+ g6 21. Qh6 Kf7 22. Bg5 Qf8 23. Qh4 h6 24. Bf6 Rh7 25. g4 Bd7 26. gxf5 exf5 27. Qd4 Ke6 28. b3 Bc6 29. Rbc1 Rd7 30. h4 Na6 31. Qf4 Nc7 32. Rfe1 Ne8 33. Bh3 Nxf6 34. exf6+ Kxf6 35. Rxc6+ Kg7 36. Rce6 1-0

[Event "2026 European Womens Championship"]
[Site "Batumi, GE"]
[Date "2026.06.04"]
[Round "10"]
[White "Orian, Noga"]
[Black "Poliakova, Varvara"]
[Result "1/2-1/2"]
[Board "37"]
[TimeControl "5400+30"]
[WhiteFideId "2836475"]
[BlackFideId "13518313"]
[WhiteElo "2231"]
[BlackElo "2108"]
[WhiteTitle "WIM"]
[BlackTitle "WFM"]
[WhiteClock "0:37:21"]
[BlackClock "0:13:50"]
[Variant "Standard"]

1. d4 d5 2. Nf3 Nf6 3. g3 b5 4. a4 b4 5. c4 bxc3 6. Nxc3 e6 7. Bg2 a5 8. O-O Be7 9. Bf4 O-O 10. Qc2 c6 11. Rfc1 Na6 12. Ne5 Nb4 13. Qd1 Nd7 14. Na2 Nxe5 15. Nxb4 Bxb4 16. Bxe5 Qb6 17. h4 Bb7 18. e4 f6 19. Bf4 e5 20. Be3 exd4 21. Bxd4 c5 22. Bc3 dxe4 23. Qc2 Rfe8 24. Bxb4 cxb4 25. Qc7 Qxc7 26. Rxc7 Ba6 27. Rd1 Bd3 28. Rxd3 exd3 29. Bxa8 Rxa8 30. Rd7 Rc8 31. Rxd3 Rc2 32. Rd5 Rxb2 33. Rxa5 Ra2 34. Ra7 h5 1/2-1/2

[Event "2026 European Womens Championship"]
[Site "Batumi, GE"]
[Date "2026.06.04"]
[Round "10"]
[White "Venskaya, Nika"]
[Black "Kubicka, Anna"]
[Result "1/2-1/2"]
[Board "38"]
[TimeControl "5400+30"]
[WhiteFideId "13523503"]
[BlackFideId "1152254"]
[WhiteElo "1937"]
[BlackElo "2226"]
[WhiteTitle "WCM"]
[BlackTitle "WIM"]
[WhiteClock "0:11:09"]
[BlackClock "0:00:51"]
[Variant "Standard"]

1. d4 Nf6 2. c4 g6 3. Nc3 Bg7 4. e4 O-O 5. Be2 d6 6. Be3 Na6 7. g4 c5 8. d5 Qb6 9. g5 Ng4 10. Bd2 f5 11. exf5 gxf5 12. h3 Ne5 13. f4 Ng6 14. Nf3 e5 15. dxe6 Bxe6 16. O-O Qxb2 17. Rb1 Qa3 18. Rb3 Qa5 19. h4 Rae8 20. h5 Nxf4 21. Bxf4 Bxc3 22. Qxd6 Rf7 23. Qd3 Bg7 24. Ne5 Nb4 25. Qg3 Rfe7 26. h6 Bxe5 27. Bxe5 Bf7 28. Rxf5 Bg6 29. Rbf3 Qxa2 30. Bf1 Qd2 31. Rf6 Nc6 32. Bc3 Qd7 33. Rd6 Qc7 34. Rff6 Nd4 35. Qf2 Rf7 36. Bxd4 cxd4 37. Qxd4 Rxf6 38. Qxf6 Qe7 39. Qxe7 Rxe7 40. Bg2 Re5 41. Rd8+ Kf7 42. Rd7+ Ke8 43. Rxb7 Rxg5 44. Rxa7 Be4 45. Rg7 Bg6 46. Kf2 Rh5 47. Ra7 Bf7 48. Rc7 Rxh6 49. c5 Rf6+ 50. Ke3 Kd8 51. Ra7 Bg6 52. c6 Rf7 53. Ra8+ Kc7 54. Kd4 Kb6 55. Bd5 Re7 56. Rb8+ Kc7 57. Rf8 Kb6 58. Rb8+ Kc7 59. Rb2 Kd6 60. Rf2 Be8 1/2-1/2

[Event "2026 European Womens Championship"]
[Site "Batumi, GE"]
[Date "2026.06.04"]
[Round "10"]
[White "Calzetta Ruiz, Monica"]
[Black "Maltsevskaya, Aleksandra"]
[Result "0-1"]
[Board "40"]
[TimeControl "5400+30"]
[WhiteFideId "2204185"]
[BlackFideId "24174041"]
[WhiteElo "2199"]
[BlackElo "2390"]
[WhiteTitle "WGM"]
[BlackTitle "IM"]
[WhiteClock "0:00:45"]
[BlackClock "0:07:09"]
[Variant "Standard"]

1. e4 e6 2. d4 d5 3. e5 c5 4. c3 Qa5 5. Nd2 cxd4 6. Nb3 Qc7 7. cxd4 a5 8. Bd2 a4 9. Rc1 Nc6 10. Nc5 Nxd4 11. Nxa4 Qxe5+ 12. Ne2 Nc6 13. Nb6 Rb8 14. Qb3 Qc7 15. Nd4 Bd6 16. Nxc6 bxc6 17. Rxc6 Qxc6 18. Bb5 Rxb6 19. Bxc6+ Rxc6 20. O-O Nf6 21. Qa4 Bd7 22. b4 Ne4 23. Be3 Ke7 24. b5 Rc4 25. Qa7 Nc3 26. Bd2 Bc5 27. b6 Nb5 28. Qa6 Rb8 29. Ba5 Ra4 30. b7 Na3 31. Rc1 Nc4 32. Qa8 Bd6 0-1